[Event "Titled Tuesday Blitz August 1 Early 2023"]
[White "Guerra Tulcan, Lenin"]
[Black "Nazari, Arad"]
[WhiteFideId "3601382"]
[BlackFideId "12577324"]
[WhiteElo "2625"]
[BlackElo "2791"]
[Result "1-0"]
[Round "6"]
[TimeControl "180+1"]
[Date "2023.08.01"]
[WhiteClock "0:00:34"]
[BlackClock "0:00:00"]
[Board "41"]

1. e4 e6 2. d4 d5 3. Nd2 Be7 4. Ngf3 Nf6 5. e5 Nfd7 6. Bd3 c5 7. c3 Nc6 8. O-O g5 9. dxc5 g4 10. Nd4 Ndxe5 11. Bb5 Bd7 12. Bxc6 Nxc6 13. Qxg4 Bf6 14. Nxc6 Bxc6 15. Nf3 Qe7 16. Re1 O-O-O 17. Bf4 h5 18. Qh3 Qxc5 19. Be5 Qe7 20. Nd4 Bd7 21. Qe3 Rhg8 22. a4 Bxe5 23. Qxe5 Rg5 24. Qe3 Rdg8 25. g3 a6 26. Nf3 Rg4 27. Ne5 Re4 28. Qa7 Rxe1+ 29. Rxe1 Kc7 30. c4 Qb4 31. Rc1 Qxb2 32. Nd3 Qa3 33. cxd5+ Kd6 34. Qd4 Ke7 35. Rc7 Rd8 36. dxe6 fxe6 37. Qg7+ Kd6 38. Qe5+ Ke7 39. Qg5+ Ke8 40. Qxh5+ Ke7 41. Qg5+ Ke8 42. Ne5 Qa1+ 43. Kg2 Qxa4 44. Rc4 Bc6+ 45. Kh3 Qd1 46. Rf4 1-0


[Site "https://www.chess.com"]

[Event "Titled Tuesday Blitz August 1 Early 2023"]
[White "Bauman_Guy"]
[Black "Nasir, Zehn"]
[BlackFideId "2613239"]
[WhiteElo "2783"]
[BlackElo "2625"]
[Result "1-0"]
[Round "6"]
[TimeControl "180+1"]
[Date "2023.08.01"]
[WhiteClock "0:02:28"]
[BlackClock "0:00:31"]
[Board "42"]

1. e4 c6 2. d4 d5 3. e5 Bf5 4. Bd3 Bxd3 5. Qxd3 e6 6. Ne2 c5 7. c3 Nc6 8. a3 Nge7 9. Nd2 Nf5 10. Nf3 Be7 11. O-O O-O 12. g4 Nh4 13. Nxh4 Bxh4 14. f4 cxd4 15. cxd4 f5 16. g5 h6 17. gxh6 gxh6 18. Qh3 Kh7 19. Kh1 Rg8 20. Be3 Rg6 21. Rg1 Qe7 22. Rxg6 Kxg6 23. Ng1 Qd8 24. Nf3 Be7 25. Rg1+ Kh7 26. Ng5+ Bxg5 27. fxg5 Qe7 28. g6+ Kg8 29. g7 f4 30. Qxh6 fxe3 31. Qh8+ Kf7 32. g8=Q+ Rxg8 33. Qxg8# 1-0


[Site "https://www.chess.com"]

[Event "Titled Tuesday Blitz August 1 Early 2023"]
[White "Belov, Alexei"]
[Black "Basso, Pier Luigi"]
[WhiteFideId "4128206"]
[BlackFideId "866970"]
[WhiteElo "2621"]
[BlackElo "2781"]
[Result "0-1"]
[Round "6"]
[TimeControl "180+1"]
[Date "2023.08.01"]
[WhiteClock "0:01:27"]
[BlackClock "0:01:49"]
[Board "43"]

1. e4 c6 2. d4 d5 3. Nd2 dxe4 4. Nxe4 Nf6 5. Nxf6+ exf6 6. c3 Bd6 7. Bd3 O-O 8. Ne2 Re8 9. Qc2 g6 10. Be3 Nd7 11. O-O-O Nf8 12. c4 b5 13. cxb5 cxb5 14. Bxb5 Bf5 15. Qa4 Nd7 16. Nc3 Nb6 17. Qa6 Rc8 18. Bxe8 Qxe8 19. Rhe1 Rxc3+ 20. bxc3 Qe4 21. Re2 Qc6 22. Kd2 Nc4+ 0-1


[Site "https://www.chess.com"]

[Event "Titled Tuesday Blitz August 1 Early 2023"]
[White "Gunduz, Umut Erdem"]
[Black "Rahman, Masruri"]
[WhiteFideId "6381383"]
[BlackFideId "7101163"]
[WhiteElo "2614"]
[BlackElo "2778"]
[Result "0-1"]
[Round "6"]
[TimeControl "180+1"]
[Date "2023.08.01"]
[WhiteClock "0:01:55"]
[BlackClock "0:00:57"]
[Board "44"]

1. e4 e6 2. d4 d5 3. Nc3 Bb4 4. exd5 exd5 5. Bd3 Nc6 6. Be3 Nge7 7. Qf3 Be6 8. Ne2 Qd7 9. h3 Bf5 10. O-O-O Bxd3 11. Rxd3 Bxc3 12. Nxc3 O-O 13. Kb1 Nb4 14. Rd2 c6 15. Re1 Nf5 16. Bf4 Rae8 17. Red1 f6 18. g4 Ne7 19. h4 Ng6 20. h5 Nxf4 21. Qxf4 Re7 22. Ne2 Re4 23. Qf5 Qxf5 24. gxf5 Rfe8 25. Ng3 Re1 26. c3 Na6 27. Kc2 R1e7 28. Kd3 Nc7 29. Re2 Rxe2 30. Nxe2 Nb5 31. Ng3 Nd6 32. f3 Nc4 0-1


[Site "https://www.chess.com"]

[Event "Titled Tuesday Blitz August 1 Early 2023"]
[White "musclemonster12"]
[Black "Gorovets, Andrey"]
[BlackFideId "13504037"]
[WhiteElo "2608"]
[BlackElo "2762"]
[Result "1-0"]
[Round "6"]
[TimeControl "180+1"]
[Date "2023.08.01"]
[WhiteClock "0:00:14"]
[BlackClock "0:00:00"]
[Board "45"]

1. Nf3 Nf6 2. b3 g6 3. Bb2 Bg7 4. g3 b5 5. Bg2 Bb7 6. O-O O-O 7. c4 bxc4 8. bxc4 d6 9. Nc3 Nbd7 10. Rb1 Rb8 11. d3 c5 12. Qa4 Qb6 13. Ba3 Qa6 14. Qxa6 Bxa6 15. Nd2 Rxb1 16. Rxb1 Rb8 17. Rxb8+ Nxb8 18. Nb5 Bxb5 19. cxb5 Ne8 20. Bc1 Nc7 21. a4 Nd7 22. Nc4 Bc3 23. Bc6 Nb6 24. Nxb6 axb6 25. e3 e5 26. Kf1 Kf8 27. Ke2 Ke7 28. Bd2 Bxd2 29. Kxd2 f6 30. Kc3 Kd8 31. Kb3 Ne6 32. a5 bxa5 33. Ka4 Kc7 34. Kxa5 c4 35. dxc4 Nc5 36. Bd5 e4 37. b6+ Kb8 38. Kb5 f5 39. Kc6 Nd3 40. Kxd6 1-0


[Site "https://www.chess.com"]

[Event "Titled Tuesday Blitz August 1 Early 2023"]
[White "Principe, Gerson"]
[Black "djokovic74"]
[WhiteFideId "3804550"]
[WhiteElo "2613"]
[BlackElo "2762"]
[Result "0-1"]
[Round "6"]
[TimeControl "180+1"]
[Date "2023.08.01"]
[WhiteClock "0:02:40"]
[BlackClock "0:02:23"]
[Board "46"]

1. Nf3 Nf6 2. d4 e6 3. e3 d5 4. Bd3 c5 5. b3 Bd6 6. Bb2 O-O 7. Nbd2 Nbd7 8. Ne5 Qc7 9. f4 b6 10. O-O Bb7 11. Qf3 c4 0-1


[Site "https://www.chess.com"]

[Event "Titled Tuesday Blitz August 1 Early 2023"]
[White "Cherniaiev, Tykhon"]
[Black "NovoselovRoman"]
[WhiteFideId "14182360"]
[WhiteElo "2760"]
[BlackElo "2607"]
[Result "0-1"]
[Round "6"]
[TimeControl "180+1"]
[Date "2023.08.01"]
[WhiteClock "0:00:07"]
[BlackClock "0:00:07"]
[Board "47"]

1. Nf3 Nf6 2. d4 d5 3. c4 e6 4. Nc3 a6 5. cxd5 exd5 6. Bg5 Be7 7. e3 c6 8. Bd3 Bg4 9. Qc2 Nbd7 10. h3 Bh5 11. a3 Bg6 12. Bxg6 hxg6 13. O-O Nf8 14. b4 Ne6 15. Bxf6 gxf6 16. e4 dxe4 17. Nxe4 Nf4 18. Nc5 Bxc5 19. dxc5 Kf8 20. Rad1 Qc8 21. Qd2 Nxh3+ 22. gxh3 Qxh3 23. Qd6+ Kg7 24. Nh2 Rh5 25. Rd3 Qh4 26. Kg2 Rah8 27. Rh1 Qe4+ 28. Rf3 Rg5+ 29. Kf1 Qc4+ 30. Ke1 Re5+ 31. Kd1 Rd5+ 32. Ke1 Rxd6 33. cxd6 Qc1+ 34. Ke2 Qxh1 35. Nf1 Rd8 36. Ng3 Qh4 37. Rd3 Qg4+ 38. f3 Qf4 39. Ne4 f5 40. Nc5 Rxd6 41. Re3 Qh2+ 42. Kf1 Rd1+ 43. Re1 Qh1+ 44. Kf2 Qxe1+ 45. Kg2 Rd2+ 46. Kh3 Qh1+ 47. Kg3 Qh2# 0-1


[Site "https://www.chess.com"]

[Event "Titled Tuesday Blitz August 1 Early 2023"]
[White "Sturt, Raven"]
[Black "Fantastic_Power"]
[WhiteFideId "2007304"]
[WhiteElo "2602"]
[BlackElo "2748"]
[Result "0-1"]
[Round "6"]
[TimeControl "180+1"]
[Date "2023.08.01"]
[WhiteClock "0:00:00"]
[BlackClock "0:00:29"]
[Board "48"]

1. d4 Nf6 2. c4 Nc6 3. Nf3 e6 4. g3 Bb4+ 5. Bd2 Bxd2+ 6. Qxd2 O-O 7. Nc3 d6 8. Bg2 Qe7 9. O-O e5 10. Rab1 Bf5 11. Rbe1 Ne4 12. Nxe4 Bxe4 13. d5 Nb8 14. Nh4 Bxg2 15. Nxg2 Nd7 16. e4 a5 17. f4 Nc5 18. f5 f6 19. g4 b5 20. cxb5 Rfb8 21. Qe2 Rb6 22. Ne3 Rab8 23. g5 Rxb5 24. Qh5 Nd3 25. Re2 Nf4 26. Rxf4 exf4 27. Nc4 fxg5 28. h4 Rb4 29. b3 gxh4 30. Qg4 a4 31. Qxf4 axb3 32. axb3 Rxb3 33. Rg2 Rg3 34. Rxg3 hxg3 35. Kg2 Rb4 36. Nd2 Rd4 37. Kf3 Qe5 38. Qg5 Qf6 39. Qf4 Rd3+ 40. Ke2 g2 41. Qg4 Qc3 0-1


[Site "https://www.chess.com"]

[Event "Titled Tuesday Blitz August 1 Early 2023"]
[White "Gireman, Ja"]
[Black "carokannlover213"]
[WhiteFideId "5043794"]
[WhiteElo "2581"]
[BlackElo "2743"]
[Result "1-0"]
[Round "6"]
[TimeControl "180+1"]
[Date "2023.08.01"]
[WhiteClock "0:00:31"]
[BlackClock "0:00:06"]
[Board "49"]

1. d4 Nf6 2. Nc3 d5 3. Bf4 e6 4. e3 Bb4 5. f3 c5 6. Ne2 cxd4 7. exd4 Nc6 8. a3 Bd6 9. Qd2 O-O 10. g4 Rb8 11. g5 Bxf4 12. Nxf4 Ne8 13. h4 Qb6 14. O-O-O Nd6 15. h5 Qa5 16. g6 b5 17. gxh7+ Kh8 18. Bd3 b4 19. h6 g6 20. Qg2 bxc3 21. Qxg6 fxg6 22. Nxg6+ Kxh7 23. Nxf8+ Kh8 24. Ng6+ Kh7 25. Rdg1 cxb2+ 26. Kb1 Qxa3 27. Ne7+ Ne4 28. Rg7+ Kh8 29. Ng6# 1-0


[Site "https://www.chess.com"]

[Event "Titled Tuesday Blitz August 1 Early 2023"]
[White "Idani, Pouya"]
[Black "Pastar, Slaven"]
[WhiteFideId "12510130"]
[BlackFideId "14402718"]
[WhiteElo "2734"]
[BlackElo "2581"]
[Result "1-0"]
[Round "6"]
[TimeControl "180+1"]
[Date "2023.08.01"]
[WhiteClock "0:00:22"]
[BlackClock "0:00:01"]
[Board "50"]

1. e4 b6 2. d4 Bb7 3. Bd3 Nf6 4. Qe2 e6 5. c4 Bb4+ 6. Bd2 Bxd2+ 7. Nxd2 d6 8. f4 Nbd7 9. Ngf3 e5 10. O-O-O Qe7 11. g3 O-O-O 12. fxe5 dxe5 13. d5 Nc5 14. Kb1 Ne8 15. Bc2 a5 16. Qe3 f6 17. g4 h6 18. h4 Nd6 19. Nf1 Nxc4 20. Qc3 Nd6 21. Ng3 Kb8 22. Qe3 Qd7 23. Nf5 g6 24. Nxd6 cxd6 25. g5 hxg5 26. hxg5 f5 27. Rxh8 Rxh8 28. exf5 gxf5 29. Nxe5 Qe8 30. Nc4 Qxe3 31. Nxe3 Rg8 32. Rg1 f4 33. Nc4 f3 34. g6 Kc7 35. Ne3 Nd7 36. Rg3 f2 37. Kc1 Ba6 38. Rf3 Ne5 39. Rxf2 Nxg6 40. Rf7+ Kd8 41. Nf5 Ne5 42. Ra7 Rg1+ 43. Kd2 Nc4+ 44. Kc3 Bb5 45. a4 Rg2 46. axb5 Rxc2+ 47. Kxc2 Ne3+ 48. Nxe3 1-0


[Site "https://www.chess.com"]

[Event "Titled Tuesday Blitz August 1 Early 2023"]
[White "Ibadov, Dashgyn"]
[Black "Amilal Munkhdalai"]
[WhiteFideId "24107514"]
[BlackFideId "4903250"]
[WhiteElo "2544"]
[BlackElo "2731"]
[Result "1-0"]
[Round "6"]
[TimeControl "180+1"]
[Date "2023.08.01"]
[WhiteClock "0:02:05"]
[BlackClock "0:01:52"]
[Board "51"]

1. e4 c5 2. Nf3 Nc6 3. Bb5 Qb6 4. Nc3 e6 5. O-O Nd4 6. Bc4 Ne7 7. Nxd4 cxd4 8. Ne2 Nc6 9. d3 Bc5 10. f4 d6 11. a3 a5 12. Qe1 g6 13. f5 Ne5 14. fxe6 fxe6 15. Qf2 Bd7 16. Qf6 Nxc4 17. Qxh8+ 1-0


[Site "https://www.chess.com"]

[Event "Titled Tuesday Blitz August 1 Early 2023"]
[White "Javakhadze, Zurab"]
[Black "Gontcharov, Vladislav"]
[WhiteFideId "13603647"]
[BlackFideId "4123492"]
[WhiteElo "2730"]
[BlackElo "2537"]
[Result "1-0"]
[Round "6"]
[TimeControl "180+1"]
[Date "2023.08.01"]
[WhiteClock "0:01:20"]
[BlackClock "0:00:01"]
[Board "52"]

1. Nf3 Nf6 2. d4 e6 3. c4 Bb4+ 4. Bd2 Qe7 5. g3 b6 6. Bg2 Bb7 7. O-O a5 8. Bg5 h6 9. Bf4 Qd8 10. a3 Be7 11. Nc3 O-O 12. d5 d6 13. dxe6 fxe6 14. Nd4 Bxg2 15. Nxe6 Qc8 16. Nxf8 Bb7 17. Ng6 Bd8 18. Nd5 Bxd5 19. cxd5 Qg4 20. Qd3 Nbd7 21. f3 Qh5 22. g4 Qh3 23. Qf5 Nc5 24. Bg3 Nb3 25. Nf4 Nd4 26. Qd3 1-0


[Site "https://www.chess.com"]

[Event "Titled Tuesday Blitz August 1 Early 2023"]
[White "Suyarov, Mukhammadzokhid"]
[Black "Keleberda, Tymur"]
[WhiteFideId "14210495"]
[BlackFideId "14174294"]
[WhiteElo "2727"]
[BlackElo "2534"]
[Result "0-1"]
[Round "6"]
[TimeControl "180+1"]
[Date "2023.08.01"]
[WhiteClock "0:00:02"]
[BlackClock "0:00:32"]
[Board "53"]

1. d4 Nf6 2. Nc3 d5 3. Bf4 e6 4. Nb5 Na6 5. e3 c6 6. Nc3 Bb4 7. Bxa6 Bxc3+ 8. bxc3 bxa6 9. Ne2 a5 10. c4 dxc4 11. O-O O-O 12. Bg3 Ne4 13. f3 Nxg3 14. hxg3 a4 15. Rb1 Ba6 16. c3 Bb5 17. Kf2 a6 18. Rh1 h6 19. Qc2 Qf6 20. Rh5 Rfd8 21. Nf4 Rac8 22. Rc5 Rd5 23. Nxd5 exd5 24. e4 Re8 25. exd5 Qg5 26. Qc1 Qe7 27. Qe1 Qd8 28. Qd2 cxd5 29. Re1 Re6 30. Rxe6 fxe6 31. Qf4 Qa5 32. Rc8+ Kh7 33. Qd2 Bd7 34. Qc2+ g6 35. Rf8 Kg7 36. Rb8 Qc7 37. Qb2 Bb5 38. Ra8 Qb7 39. Re8 Qd7 40. Rb8 Qc7 41. Rxb5 axb5 42. Qxb5 Qa7 43. a3 Kf7 44. f4 g5 45. Kf3 gxf4 46. gxf4 Kf6 47. g4 Qh7 48. f5 h5 49. Qe8 hxg4+ 50. Kxg4 Qxf5+ 51. Kg3 Qd3+ 52. Kf4 Qd2+ 53. Kg4 Qg2+ 54. Kf4 Qe4+ 55. Kg3 Qg6+ 56. Qxg6+ Kxg6 57. Kg4 Kf6 58. Kf4 e5+ 59. dxe5+ Ke6 60. Kf3 Kxe5 61. Ke3 Kf6 62. Kd4 Ke6 63. Ke3 Ke5 64. Kd2 Ke4 65. Ke2 Kf5 66. Kf3 Ke6 67. Kf4 Kd6 68. Kf3 Kc5 69. Ke3 Kc6 70. Kf4 Kd6 71. Kf3 Ke6 72. Kf4 Kf6 73. Kf3 Kf5 74. Ke3 Ke5 75. Kd2 Kf4 76. Ke2 Ke4 77. Kd2 Kf3 78. Kd1 Ke3 79. Kc2 Ke2 80. Kc1 Kd3 81. Kb2 Kd2 0-1


[Site "https://www.chess.com"]

[Event "Titled Tuesday Blitz August 1 Early 2023"]
[White "feuervogel1000000"]
[Black "Ardelean, George-Catalin"]
[BlackFideId "1207091"]
[WhiteElo "2524"]
[BlackElo "2712"]
[Result "0-1"]
[Round "6"]
[TimeControl "180+1"]
[Date "2023.08.01"]
[WhiteClock "0:00:44"]
[BlackClock "0:00:31"]
[Board "55"]

1. d4 d5 2. c4 e6 3. Nf3 a6 4. g3 dxc4 5. Bg2 Nc6 6. O-O Rb8 7. a4 Nf6 8. Nc3 Bb4 9. Bg5 h6 10. Bxf6 Qxf6 11. e4 O-O 12. d5 Bxc3 13. bxc3 Ne5 14. Nxe5 Qxe5 15. Rc1 exd5 16. exd5 Bf5 17. Re1 Qd6 18. Qd4 Bd3 19. Be4 Bxe4 20. Rxe4 b5 21. axb5 axb5 22. Rce1 Rbd8 23. Re7 Qxd5 24. Qxd5 Rxd5 25. Rxc7 Rd3 26. Rb7 Rxc3 27. Rxb5 Rc8 28. Kg2 Rc7 29. h4 g6 30. Rd5 h5 31. Rd2 Kg7 32. Re4 Rc1 33. Ree2 c3 34. Rc2 Rxc2 35. Rxc2 Kf6 36. Kf3 Kf5 37. Ke3 Kg4 38. Kd3 Kf3 39. Kd4 f6 40. Kd5 g5 41. Ke6 gxh4 42. gxh4 Kg4 43. Kxf6 Kxh4 44. f4 Kg4 45. Ke5 h4 46. f5 Rc5+ 47. Ke4 Rxf5 48. Rxc3 Rf4+ 49. Ke5 Rf3 50. Rc4+ Kg3 51. Rc8 h3 52. Rg8+ Kf2 53. Rh8 Kg2 54. Ke4 Rg3 55. Kf4 h2 0-1


[Site "https://www.chess.com"]

[Event "Titled Tuesday Blitz August 1 Early 2023"]
[White "Pranav, V"]
[Black "Saya, Ethan"]
[WhiteFideId "25060783"]
[BlackFideId "26095181"]
[WhiteElo "3002"]
[BlackElo "2580"]
[Result "1-0"]
[Round "6"]
[TimeControl "180+1"]
[Date "2023.08.01"]
[WhiteClock "0:02:30"]
[BlackClock "0:00:14"]
[Board "56"]

1. e4 e6 2. d3 c5 3. Nd2 Nc6 4. Ngf3 g6 5. g3 Bg7 6. Bg2 Nge7 7. O-O d5 8. Re1 O-O 9. e5 h6 10. Nf1 b5 11. h4 Nf5 12. N1h2 a5 13. Ng4 a4 14. a3 b4 15. Bd2 Qb6 16. Qc1 Kh7 17. Nf6+ Bxf6 18. exf6 Ncd4 19. Nxd4 cxd4 20. g4 Nxh4 21. Bxh6 Nxg2 22. Kxg2 Rh8 23. Bg7 Kg8 24. Rh1 Rh5 25. Qh6 Rxh6 26. Rxh6 Qd6 27. Rh8# 1-0


[Site "https://www.chess.com"]

[Event "Titled Tuesday Blitz August 1 Early 2023"]
[White "Bilan, Danila"]
[Black "Kramnik, Vladimir"]
[WhiteFideId "24161918"]
[BlackFideId "4101588"]
[WhiteElo "2578"]
[BlackElo "2968"]
[Result "0-1"]
[Round "6"]
[TimeControl "180+1"]
[Date "2023.08.01"]
[WhiteClock "0:00:05"]
[BlackClock "0:00:08"]
[Board "57"]

1. d4 Nf6 2. Nf3 e6 3. c4 d5 4. cxd5 exd5 5. Nc3 c6 6. Bg5 h6 7. Bh4 Bf5 8. e3 Nbd7 9. Bd3 Bxd3 10. Qxd3 Bd6 11. O-O O-O 12. Rab1 Re8 13. Rfc1 Qe7 14. a3 a5 15. Na4 g5 16. Bg3 Bxg3 17. hxg3 Ne4 18. Nd2 Nd6 19. Nc5 Nf6 20. b4 axb4 21. axb4 b5 22. Ra1 Kg7 23. Ra3 Nc4 24. Nxc4 dxc4 25. Qc3 Nd5 26. Qa1 Qd8 27. Rb1 Rxa3 28. Qxa3 Qa8 29. Qb2 f5 30. Ra1 c3 31. Qb1 Qc8 32. Ra7+ Re7 33. Rxe7+ Nxe7 34. Qc2 Nd5 35. g4 fxg4 36. e4 Nf4 37. g3 Ng6 38. Qxc3 Kh7 39. d5 cxd5 40. exd5 Qf5 41. Qd3 Qxd3 42. Nxd3 Kg7 43. Nc5 Kf6 44. Nb3 Ke5 45. Kf1 Kxd5 46. Ke2 Kc4 47. Nd2+ Kxb4 48. Ne4 Kc4 49. Nf6 Ne5 50. Kd2 b4 51. Kc2 b3+ 52. Kb2 Nd3+ 0-1


[Site "https://www.chess.com"]

[Event "Titled Tuesday Blitz August 1 Early 2023"]
[White "Dau Khuong Duy"]
[Black "Ambartsumova, Karina"]
[WhiteFideId "12424722"]
[BlackFideId "4166299"]
[WhiteElo "2869"]
[BlackElo "2575"]
[Result "1-0"]
[Round "6"]
[TimeControl "180+1"]
[Date "2023.08.01"]
[WhiteClock "0:00:10"]
[BlackClock "0:00:02"]
[Board "58"]

1. e4 e5 2. Nf3 Nc6 3. Bb5 Nf6 4. d3 d6 5. O-O Bd7 6. c3 g6 7. h3 Bg7 8. Re1 O-O 9. Nbd2 Qe8 10. a4 Nh5 11. Nf1 f5 12. exf5 gxf5 13. a5 a6 14. Bc4+ Kh8 15. Ng3 Nxg3 16. fxg3 Qg6 17. Kh2 Rae8 18. Nh4 Qf6 19. Qh5 Be6 20. Rf1 d5 21. Bb3 Qf7 22. Qxf7 Rxf7 23. Bg5 h6 24. Bd2 Kh7 25. Rae1 Nxa5 26. Ba2 Nc6 27. b4 Ne7 28. Nf3 Ng6 29. Bb1 Ref8 30. d4 e4 31. Ng1 f4 32. gxf4 Nxf4 33. c4 c6 34. Bxf4 Rxf4 35. Rxf4 Rxf4 36. Ne2 Rf2 37. Kg3 Rf8 38. c5 Bf7 39. Bc2 Bh5 40. Nf4 Bxd4 41. Bxe4+ dxe4 42. Rxe4 Bg6 43. Rxd4 Rf7 44. Rd6 Bc2 45. Ne2 Be4 46. Nd4 Rg7+ 47. Kf4 Bxg2 48. Nf5 Rf7 49. Rxh6+ Kg8 50. Rg6+ Kh7 51. Rxg2 Rd7 52. Re2 Kg6 53. Re6+ Kf7 54. Re7+ Rxe7 55. Nxe7 Kxe7 56. Ke5 Kd7 57. h4 b6 58. cxb6 c5 59. bxc5 a5 60. Kd4 1-0


[Site "https://www.chess.com"]

[Event "Titled Tuesday Blitz August 1 Early 2023"]
[White "Harshavardhan G B"]
[Black "Kuzmin, Roman"]
[WhiteFideId "25059009"]
[BlackFideId "44134932"]
[WhiteElo "2862"]
[BlackElo "2573"]
[Result "1-0"]
[Round "6"]
[TimeControl "180+1"]
[Date "2023.08.01"]
[WhiteClock "0:01:27"]
[BlackClock "0:00:16"]
[Board "59"]

1. e4 c5 2. Nf3 d6 3. d4 cxd4 4. Nxd4 Nf6 5. Nc3 a6 6. Qf3 Nbd7 7. h3 Qc7 8. g4 h6 9. Qg2 b5 10. Bd3 Bb7 11. Be3 e6 12. f4 Nc5 13. g5 hxg5 14. fxg5 Nfd7 15. g6 f5 16. Bg5 b4 17. Nd5 exd5 18. exd5 Ne5 19. Bxf5 Be7 20. O-O Bxg5 21. Qxg5 Qe7 22. Qg2 Kd8 23. c3 bxc3 24. b4 Na4 25. Ne6+ Ke8 26. Qc2 Nb6 27. Qxc3 Nxd5 28. Qc2 Rc8 29. Qa4+ Bc6 30. Qxa6 Bd7 31. Rae1 Bxe6 32. Bxe6 Qxe6 33. Rxe5 Qxe5 34. Qxc8+ Ke7 35. Rf7# 1-0


[Site "https://www.chess.com"]

[Event "Titled Tuesday Blitz August 1 Early 2023"]
[White "Ashraf, Artin"]
[Black "Demin, Vladimir"]
[WhiteFideId "22514805"]
[BlackFideId "4167457"]
[WhiteElo "2848"]
[BlackElo "2567"]
[Result "1-0"]
[Round "6"]
[TimeControl "180+1"]
[Date "2023.08.01"]
[WhiteClock "0:00:45"]
[BlackClock "0:01:41"]
[Board "60"]

1. e4 e5 2. Nf3 Nc6 3. Bc4 Bc5 4. d3 Nf6 5. Bg5 h6 6. Bh4 d6 7. c3 a6 8. Bb3 Ba7 9. Nbd2 Qe7 10. O-O g5 11. Bg3 Nh7 12. Bd5 h5 13. h4 Bg4 14. Qb3 Nd8 15. d4 c6 16. dxe5 cxd5 17. exd6 Qf6 18. Be5 Qg6 19. Bxh8 gxh4 20. exd5 Bh3 21. Nxh4 Qg4 22. Rae1+ Kf8 23. Re4 Qg5 24. Ndf3 1-0


[Site "https://www.chess.com"]

[Event "Titled Tuesday Blitz August 1 Early 2023"]
[White "NovozhilovSemen"]
[Black "Molina, Roberto Junio Brito"]
[BlackFideId "2109450"]
[WhiteElo "2562"]
[BlackElo "2847"]
[Result "0-1"]
[Round "6"]
[TimeControl "180+1"]
[Date "2023.08.01"]
[WhiteClock "0:00:19"]
[BlackClock "0:00:16"]
[Board "61"]

1. d4 d5 2. c4 c6 3. cxd5 cxd5 4. Bg5 h6 5. Bh4 Qb6 6. Qd2 Nc6 7. e3 e6 8. Nc3 Be7 9. Bxe7 Ngxe7 10. Bd3 Bd7 11. f4 g5 12. fxg5 hxg5 13. Nge2 O-O-O 14. O-O-O f5 15. g3 g4 16. Nf4 Kb8 17. Kb1 Qa5 18. Rc1 Rc8 19. a3 a6 20. Qg2 Na7 21. h3 gxh3 22. Rxh3 Rcg8 23. Qh1 Qd8 24. Qh2 Rxh3 25. Qxh3 Rh8 26. Qg2 Qg8 27. Qc2 Qd8 28. Na4 Bxa4 29. Qxa4 Qd6 30. Qd1 Nac8 31. Qf3 Nb6 32. Rh1 Rxh1+ 33. Qxh1 Nc6 34. Qh6 Nd8 35. Bxf5 Nc4 36. Bd3 Nxe3 37. Ng6 Qxg3 38. Ne5 Ng4 39. Qg5 Qe1+ 40. Ka2 Nxe5 41. Qxd8+ Ka7 42. dxe5 Qxe5 43. Qc8 Qd4 44. Qc3 Qe3 45. Bc2 Qb6 46. Qe5 Qc6 47. Bb3 Kb6 48. Qe3+ Kc7 49. Bd1 Qd6 50. Bg4 e5 51. Bf3 d4 52. Qe4 b6 53. Qb7+ Kd8 54. Qxa6 d3 55. Qa8+ Ke7 56. Qb7+ Kf6 57. Qc6 Qxc6 58. Bxc6 Kf5 59. Kb3 Kf4 60. Kc3 Ke3 61. Bb5 e4 62. b4 d2 63. Ba4 Ke2 64. Kd4 e3 65. Bb3 Kf2 66. a4 e2 67. a5 bxa5 68. bxa5 d1=Q+ 69. Bxd1 exd1=Q+ 70. Kc5 Qb3 71. a6 Qb8 72. Kc6 Qa7 73. Kb5 Ke3 74. Ka5 Kd4 75. Kb5 Ke5 76. Ka5 Ke6 77. Kb5 Ke7 78. Ka5 Kd8 79. Kb5 Kc8 80. Ka5 Kb8 81. Kb5 Ka8 82. Ka5 0-1


[Site "https://www.chess.com"]

[Event "Titled Tuesday Blitz August 1 Early 2023"]
[White "Timofeev, Artyom"]
[Black "To, Nhat Minh"]
[WhiteFideId "4140419"]
[BlackFideId "729019"]
[WhiteElo "2847"]
[BlackElo "2560"]
[Result "1-0"]
[Round "6"]
[TimeControl "180+1"]
[Date "2023.08.01"]
[WhiteClock "0:00:30"]
[BlackClock "0:00:00"]
[Board "62"]

1. c4 e5 2. e3 Nf6 3. Nc3 Bb4 4. Nge2 O-O 5. a3 Bxc3 6. Nxc3 d5 7. cxd5 Nxd5 8. Qc2 Nc6 9. Be2 Be6 10. O-O h6 11. d3 Qe7 12. b4 a6 13. Bb2 Rad8 14. Ne4 Bc8 15. Nc5 Na7 16. Bf3 c6 17. d4 exd4 18. Bxd4 Nb5 19. Bb2 Ndc7 20. Be2 Ne6 21. Ne4 Ng5 22. Ng3 Rfe8 23. Rfd1 Be6 24. a4 Nc7 25. Qc3 f6 26. e4 Rxd1+ 27. Bxd1 Rd8 28. Bc2 Nf7 29. f4 Nd6 30. Bd3 Qd7 31. Bf1 Qe7 32. Re1 Bf7 33. h3 Re8 34. Kh2 Nd5 35. Qd2 Nb6 36. Qc2 Nbc4 37. Bc3 b5 38. a5 Bg6 39. Bd3 Bf7 40. Qf2 Qc7 41. e5 fxe5 42. fxe5 Nc8 43. Qf5 Ne7 44. Qh7+ Kf8 45. Rf1 Ng8 46. Bg6 Re7 47. e6 Rxe6 48. Rxf7+ Qxf7 49. Bxf7 1-0


[Site "https://www.chess.com"]

[Event "Titled Tuesday Blitz August 1 Early 2023"]
[White "Kaczur, Florian"]
[Black "Postlmayer, Jakob"]
[WhiteFideId "705098"]
[BlackFideId "1643622"]
[WhiteElo "2764"]
[BlackElo "2557"]
[Result "1-0"]
[Round "6"]
[TimeControl "180+1"]
[Date "2023.08.01"]
[WhiteClock "0:00:15"]
[BlackClock "0:00:00"]
[Board "63"]

1. e4 c6 2. Nc3 d5 3. Qe2 d4 4. Nd1 e5 5. d3 c5 6. f4 Nc6 7. Nf3 Bd6 8. g3 Nge7 9. Nf2 Qc7 10. fxe5 Nxe5 11. Nxe5 Bxe5 12. Ng4 Ng6 13. Nxe5 Qxe5 14. Qf2 O-O 15. Bf4 Qe7 16. O-O-O Be6 17. Kb1 b5 18. h4 Bg4 19. Re1 Ne5 20. Bxe5 Qxe5 21. Qf4 Qe6 22. h5 h6 23. Rh4 f5 24. e5 a5 25. Bg2 Rad8 26. Rhh1 b4 27. b3 a4 28. Kc1 Rf7 29. Kd2 Ra7 30. Bf3 Bxf3 31. Qxf3 axb3 32. axb3 Ra2 33. Rb1 Qxe5 34. Rhe1 Qf6 35. Qf4 Qf7 36. Re5 Rd5 37. Rxd5 Qxd5 38. Qf2 Ra8 39. Re1 Rf8 40. Re7 Rf7 41. Re8+ Kh7 42. Qf4 Qg2+ 43. Kc1 Qh1+ 44. Kb2 Qxh5 45. Qb8 Rf6 46. Rh8+ Kg6 47. Qe8+ Kg5 48. Qe5 Qf7 49. Qxc5 Kg4 50. Qxd4+ Kxg3 51. Qg1+ Kf3 52. Qf1+ Kg3 53. Qg1+ Kf3 54. Rc8 Qe7 55. Qf1+ Kg3 56. Qg1+ Kf3 57. Rc4 Qe5+ 58. d4 Qe3 59. Qh1+ Kg3 60. Rxb4 f4 61. d5 f3 62. Qh4+ Kg2 63. Rg4+ Kf1 64. Qh1+ Ke2 65. Qh5 1-0


[Site "https://www.chess.com"]

[Event "Titled Tuesday Blitz August 1 Early 2023"]
[White "Onufrienko, Vladislav"]
[Black "Vakhlamov, Igor L."]
[WhiteFideId "13804332"]
[BlackFideId "24126748"]
[WhiteElo "2556"]
[BlackElo "2724"]
[Result "1/2-1/2"]
[Round "6"]
[TimeControl "180+1"]
[Date "2023.08.01"]
[WhiteClock "0:00:17"]
[BlackClock "0:01:00"]
[Board "64"]

1. e4 c5 2. Nc3 e6 3. Nf3 Nc6 4. d4 cxd4 5. Nxd4 Nf6 6. Nxc6 bxc6 7. e5 Nd5 8. Ne4 f5 9. Nd6+ Bxd6 10. exd6 c5 11. c4 Nf6 12. Be2 O-O 13. O-O Bb7 14. Bf4 Qb6 15. b3 a5 16. Rb1 Be4 17. Rb2 a4 18. Be5 axb3 19. axb3 Ra3 20. f3 Bc6 21. Qc2 Rb8 22. Rfb1 Rba8 23. Kh1 Ra1 24. Bd3 Rxb1+ 25. Rxb1 Ra3 26. Qb2 Qa5 27. Bxf6 gxf6 28. Qxf6 Rxb3 29. Qg5+ Kf7 30. Qh5+ Kf8 31. Qh6+ Kg8 32. Qg5+ Kf7 33. Qe7+ Kg6 34. Qe8+ Kg7 35. Qe7+ Kg8 36. Qg5+ 1/2-1/2


[Site "https://www.chess.com"]